 Dungeon Crawl Stone Soup version 0.29.0-4-gdea44cf6ec (webtiles) character file.

Game seed: 6083364444050186185

9129 qw the Cleaver (level 11, -4/71 HPs)
             Began as a Gargoyle Fighter on Sept 7, 2022.
             Was a High Priest of Okawaru.
             Killed by divine providence
             ... invoked by a smoke demon
             ... summoned by a kobold demonologist
              (14 damage)
             ... on level 11 of the Dungeon.
             The game lasted 00:04:00 (10235 turns).

qw the Cleaver (Gargoyle Fighter)                  Turns: 10235, Time: 00:04:01

Health: -4/71      AC: 30    Str: 30    XL:     11   Next: 41%
Magic:  15/16      EV:  9    Int:  9    God:    Okawaru [*****.]
Gold:   119        SH:  6    Dex:  9    Spells: 10/10 levels left

rFire   . . .      SeeInvis .   Y - +3 war axe
rCold   . . .      Faith    .   c - +0 buckler
rNeg    + . .      Spirit   .   u - +0 plate armour
rPois   inf        Reflect  .   (no helmet)
rElec   +          Harm     .   (no cloak)
rCorr   .          Rampage  .   j - +0 pair of gloves
Will    .....                   b - +0 pair of boots
Stlth   ..........              f - amulet of regeneration
HPRegen 1.01/turn               a - +4 ring of protection
MPRegen 0.15/turn               m - +6 ring of strength

@: about to teleport, heroic
A: sickness immunity, AC +8, negative energy resistance 1, electricity
resistance, torment resistance 1, petrification resistance
a: Renounce Religion, Heroism, Finesse, Duel


You were on level 11 of the Dungeon.
You worshipped Okawaru.
Okawaru was extremely pleased with you.
You visited 1 branch of the dungeon, and saw 11 of its levels.

You collected 581 gold pieces.
You spent 462 gold pieces at shops.


Innate Abilities, Weirdness & Mutations

You are immune to sickness and miasma.
Your stone body is resilient. (AC +8)
You are immune to poison.
You resist negative energy. (rN+)
You are resistant to electric shocks. (rElec)
You are resistant to unholy torment.
You are immune to petrification.


   Skills:
 - Level 9.0(14.0) Fighting
 - Level 11.0(16.0) Axes
 - Level 3.0(8.0) Throwing
 - Level 7.0(12.0) Armour
 + Level 1.0(6.0) Dodging
 - Level 5.3(10.3) Shields
 + Level 7.8 Invocations


You had 10 spell levels left.
You didn't know any spells.
Your spell library was empty.

Inventory:

Hand Weapons
 v - a +0 flail of protection
 Y - a +3 war axe (weapon)
Missiles
 r - 7 boomerangs (quivered)
Armour
 b - a +0 pair of boots (worn)
 c - a +0 buckler (worn)
 j - a +0 pair of gloves (worn)
 u - a +0 plate armour (worn)
Jewellery
 a - a +4 ring of protection (left hand)
 f - an amulet of regeneration (around neck)
 m - a +6 ring of strength (right hand)
Wands
 h - a wand of digging (2)
Scrolls
 g - 7 scrolls of identify
Potions
 d - 2 potions of might
 e - 6 potions of curing
 i - 2 potions of mutation
 l - 2 potions of magic
 n - 3 potions of attraction
 o - 3 potions of resistance
 q - 4 potions of haste
 w - a potion of heal wounds

Dungeon Overview and Level Annotations

Branches:
Dungeon (11/15)            Temple (0/1) D:7            Lair (0/5) D:11
    Orc: D:9-12

Altars:
Dithmenos
Elyvilon
Fedhas
Gozag
Makhleb
Nemelex Xobeh
Okawaru
Sif Muna
Vehumet
Zin

Shops:
D:4 (**([   D:8 :   D:10 (

Annotations:
D:11 3 runed translucent doors, qw's ghost, journeyman TrCA; qw's ghost, novice MiFi


Message History

The ice devil is lightly wounded.
The ice devil hits you but does no damage.
You barely miss the ice devil.
The ice devil is lightly wounded.
The ice devil hits you! The ice devil freezes you!!
10227 ||| INVOKING Heroism.
You gain the combat prowess of a mighty hero.
The ice devil hits you but does no damage.
You closely miss the ice devil.
The ice devil is lightly wounded.
You slice the ice devil!!
The ice devil is heavily wounded.
The ice devil hits you but does no damage.
The kobold demonologist mumbles some strange words.
You slice the ice devil!!
The ice devil is almost dead.
The ice devil closely misses you.
You slice the ice devil!!
You kill the ice devil!
The ice devil disappears in a puff of smoke!
The kobold demonologist looks satisfied for a moment.
You slash the smoke demon!
The smoke demon is moderately wounded.
The smoke demon hits you but does no damage.
The smoke demon closely misses you. The smoke demon hits you.
You slash the smoke demon!
The smoke demon is severely wounded.
You hit the smoke demon.
The smoke demon is severely wounded.
You slash the kobold demonologist! The smoke demon gestures at you.
The ball of steam hits you!
You block the kobold demonologist's attack.
10235 ||| READING scroll of teleportation.
As you read the scroll of teleportation, it crumbles to dust.
You feel strangely unstable.
You are engulfed in a cloud of scalding steam.
The smoke demon gestures at you. Something smites you!
You die...

...........#.........P..PP.....P.
...........#.................P...
...........#...............P.....
...........#....#######...P......
...........#....#.....#....
...........#....#..... ...
...........#....#... ..
###'########¤...#K#####.
..............¤¤@3......
.......).....###########
.............# .............#
.............# .............#
.............# ...###########
####


You could see a kobold demonologist and a smoke demon (summoned).

Vanquished Creatures
  Erica (D:8)
  A two-headed ogre (D:8)
  An ugly thing (D:11)
  A manticore (D:9)
  An unseen horror (D:10)
  3 trolls
  A hornet (D:9)
  A shadow (D:9)
  3 yaks (D:10)
  A wyvern (D:8)
  A steam dragon (D:6)
  Grum (D:10)
  2 acid dragons
  Duvessa (D:6)
  4 water moccasins
  2 ice beasts
  2 black bears
  A sky beast (D:8)
  3 orc warriors
  5 ogres
  9 centaurs
  2 wolves (D:10)
  6 bullfrogs
  A necrophage (D:6)
  2 scorpions
  2 gnoll sergeants (D:6)
  Dowan (D:6)
  12 killer bees
  4 howler monkeys
  An electric eel (D:8)
  4 jellies
  2 hounds (D:5)
  A gnoll bouda (D:10)
  3 orc priests
  5 iguanas
  4 orc wizards
  A statue (D:7)
  14 gnolls
  8 adders
  A shadow imp (D:6)
  2 white imps
  An ufetubus (D:7)
  3 worms
  2 dart slugs
  17 orcs
  10 endoplasms
  5 giant cockroaches
  13 goblins
  10 hobgoblins
  4 jackals (D:1)
  7 kobolds
  3 quokkas
  4 ball pythons
  4 bats
  5 frilled lizards
  5 rats
214 creatures vanquished.

Vanquished Creatures (others)
  A howler monkey (D:7)
  25 fungi (D:11)
  17 plants (D:11)
  6 withered plants (D:11)
49 creatures vanquished.

Grand Total: 263 creatures vanquished

Notes
Turn   | Place    | Note
-------+----------+-------------------------------------------
     0 | D:1      | qw the Gargoyle Fighter began the quest for the Orb.
     0 | D:1      | Reached XP level 1. HP: 14/14 MP: 1/1
     0 | D:1      | 0 ||| qw: Version: 0.1-a-108-g9e35731
     0 | D:1      | 0 ||| qw: Game counter: 6528
     0 | D:1      | 0 ||| qw: Always use a shield: true
     0 | D:1      | 0 ||| qw: God list: Okawaru
     0 | D:1      | 0 ||| qw: Allow faded altars: false
     0 | D:1      | 0 ||| qw: Do Orc after D:15 true
     0 | D:1      | 0 ||| qw: Do second Lair branch before Depths: true
     0 | D:1      | 0 ||| qw: Lair rune preference: random
     0 | D:1      | 0 ||| qw: Plans: Normal, Zot, God:TSO, Crypt, Tomb, Zig,
                  | Orb
     0 | D:1      | 0 ||| PLANNING D:1-11
    27 | D:1      | Reached skill level 2 in Axes
   109 | D:1      | HP: 2/14 [frozen (4)]
   476 | D:1      | Reached XP level 2. HP: 19/19 MP: 2/2
   683 | D:1      | 683 ||| Stepping ~*~*~tactically~*~*~ (stealth).
   684 | D:1      | 684 ||| Stepping ~*~*~tactically~*~*~ (stealth).
   695 | D:1      | Reached skill level 3 in Axes
   724 | D:1      | Found a faded altar of an unknown god.
   738 | D:1      | 738 ||| Stepping ~*~*~tactically~*~*~ (stealth).
   750 | D:1      | Reached XP level 3. HP: 17/23 MP: 3/3
   759 | D:1      | 759 ||| Stepping ~*~*~tactically~*~*~ (stealth).
   786 | D:1      | 786 ||| Stepping ~*~*~tactically~*~*~ (stealth).
   787 | D:1      | 787 ||| Stepping ~*~*~tactically~*~*~ (stealth).
   791 | D:1      | 791 ||| Stepping ~*~*~tactically~*~*~ (stealth).
   792 | D:1      | 792 ||| Stepping ~*~*~tactically~*~*~ (stealth).
   871 | D:1      | 871 ||| Stepping ~*~*~tactically~*~*~ (stealth).
   885 | D:1      | 885 ||| Stepping ~*~*~tactically~*~*~ (stealth).
   886 | D:1      | 886 ||| Stepping ~*~*~tactically~*~*~ (stealth).
   890 | D:1      | 890 ||| Stepping ~*~*~tactically~*~*~ (stealth).
   894 | D:1      | 894 ||| Stepping ~*~*~tactically~*~*~ (stealth).
   904 | D:1      | 904 ||| Stepping ~*~*~tactically~*~*~ (stealth).
   909 | D:1      | 909 ||| Stepping ~*~*~tactically~*~*~ (stealth).
   913 | D:1      | 913 ||| Stepping ~*~*~tactically~*~*~ (stealth).
   925 | D:1      | 925 ||| Stepping ~*~*~tactically~*~*~ (stealth).
  1013 | D:1      | 1013 ||| Stepping ~*~*~tactically~*~*~ (stealth).
  1183 | D:1      | 1183 ||| UPGRADING to +0 chain mail.
  1193 | D:1      | 1193 ||| DROPPING +0 scale mail.
  1194 | D:1      | 1194 ||| UPGRADING to +0 pair of gloves.
  1199 | D:1      | 1199 ||| READING scroll labelled YJUINE SAREUD.
  1202 | D:1      | 1202 ||| READING 2 scrolls labelled MAGELU PIYFI.
  1203 | D:1      | 1203 ||| READING scroll labelled RYERAC IRUWKIP.
  1256 | D:1      | 1256 ||| READING scroll labelled OMPUGRUIWN.
  1257 | D:1      | 1257 ||| DRINKING 3 brown potions.
  1473 | D:2      | Reached XP level 4. HP: 28/28 MP: 4/4
  1506 | D:2      | 1506 ||| Stepping ~*~*~tactically~*~*~ (hiding).
  1758 | D:2      | Reached skill level 4 in Axes
  1802 | D:2      | 1802 ||| DROPPING +0 club.
  1968 | D:2      | 1968 ||| Stepping ~*~*~tactically~*~*~ (stealth).
  2059 | D:2      | 2059 ||| DRINKING 2 blue potions.
  2060 | D:2      | 2060 ||| READING 5 scrolls of identify.
  2060 | D:2      | 2060 ||| IDENTIFYING ruby potion
  2061 | D:2      | 2061 ||| READING 4 scrolls of identify.
  2061 | D:2      | 2061 ||| IDENTIFYING fizzy silvery potion
  2062 | D:2      | 2062 ||| READING 3 scrolls of identify.
  2062 | D:2      | 2062 ||| IDENTIFYING green potion
  2063 | D:2      | 2063 ||| DROPPING potion of flight.
  2064 | D:2      | 2064 ||| DROPPING potion of berserk rage.
  2148 | D:3      | 2148 ||| Stepping ~*~*~tactically~*~*~ (stealth).
  2151 | D:3      | 2151 ||| Stepping ~*~*~tactically~*~*~ (stealth).
  2152 | D:3      | 2152 ||| DROPPING +0 whip.
  2190 | D:3      | 2190 ||| FLEEEEING.
  2191 | D:3      | 2191 ||| FLEEEEING.
  2192 | D:3      | 2192 ||| FLEEEEING.
  2199 | D:3      | 2199 ||| FLEEEEING.
  2200 | D:3      | 2200 ||| FLEEEEING.
  2201 | D:3      | 2201 ||| FLEEEEING.
  2202 | D:3      | 2202 ||| FLEEEEING.
  2203 | D:3      | 2203 ||| FLEEEEING.
  2207 | D:3      | 2207 ||| FLEEEEING.
  2295 | D:3      | Found an iron altar of Okawaru.
  2306 | D:3      | Became a worshipper of Warmaster Okawaru
  2482 | D:3      | 2482 ||| Stepping ~*~*~tactically~*~*~ (stealth).
  2485 | D:3      | 2485 ||| Stepping ~*~*~tactically~*~*~ (stealth).
  2682 | D:3      | Reached XP level 5. HP: 32/32 MP: 5/5
  2897 | D:3      | Found a burning altar of Makhleb.
  2901 | D:3      | 2901 ||| READING scroll labelled MEMOVI FEPP.
  2902 | D:3      | 2902 ||| READING scroll labelled GAGEIS BAVIACW.
  2903 | D:3      | 2903 ||| READING scroll labelled TOYN XIKKUASASCH.
  2904 | D:3      | 2904 ||| READING scroll labelled ESASIPP CARUOLL.
  2905 | D:3      | 2905 ||| READING 4 scrolls of identify.
  2905 | D:3      | 2905 ||| IDENTIFYING viscous puce potion
  2906 | D:3      | 2906 ||| READING 3 scrolls of identify.
  2906 | D:3      | 2906 ||| IDENTIFYING murky amethyst potion
  2907 | D:3      | 2907 ||| READING 2 scrolls of identify.
  2907 | D:3      | 2907 ||| IDENTIFYING dark potion
  2908 | D:3      | 2908 ||| DROPPING potion of invisibility.
  2955 | D:4      | 2955 ||| Stepping ~*~*~tactically~*~*~ (stealth).
  2957 | D:4      | 2957 ||| Stepping ~*~*~tactically~*~*~ (stealth).
  2959 | D:4      | 2959 ||| STAIRDANCE
  3018 | D:4      | 3018 ||| STAIRDANCE
  3120 | D:4      | 3120 ||| Stepping ~*~*~tactically~*~*~ (hiding).
  3174 | D:4      | Reached skill level 5 in Axes
  3176 | D:4      | Found Zyttec's Antique Armour Emporium.
  3184 | D:4      | 3184 ||| SHOPLISTING plate armour (621 gold, have 223).
  3184 | D:4      | 3184 ||| SHOPLISTING smoking scale mail (243 gold, have
                  | 223).
  3210 | D:4      | 3210 ||| Stepping ~*~*~tactically~*~*~ (stealth).
  3211 | D:4      | 3211 ||| Stepping ~*~*~tactically~*~*~ (stealth).
  3212 | D:4      | 3212 ||| Stepping ~*~*~tactically~*~*~ (stealth).
  3260 | D:4      | Found Wani Via's General Store.
  3269 | D:4      | 3269 ||| SHOPLISTING +0 plate armour (253 gold, have 231).
  3269 | D:4      | 3269 ||| BUYING potion of curing (33 gold).
  3269 | D:4      | Bought a potion of curing for 33 gold pieces
  3269 | D:4      | 3269 ||| BUYING potion of might (44 gold).
  3269 | D:4      | Bought a potion of might for 44 gold pieces
  3269 | D:4      | 3269 ||| BUYING scroll of enchant weapon (82 gold).
  3269 | D:4      | Bought a scroll of enchant weapon for 82 gold pieces
  3269 | D:4      | 3269 ||| BUYING scroll of identify (22 gold).
  3269 | D:4      | Bought a scroll of identify for 22 gold pieces
  3269 | D:4      | 3269 ||| READING scroll of enchant weapon.
  3269 | D:4      | 3269 ||| ENCHANTING +1 war axe.
  3284 | D:4      | Found Giyhy's Assorted Antiques.
  3292 | D:4      | 3292 ||| SHOPLISTING kite shield (99 gold, have 50).
  3292 | D:4      | 3292 ||| SHOPLISTING potion of curing (66 gold, have 50).
  3292 | D:4      | 3292 ||| BUYING scroll labelled TUUNIS BYPNACOO (22 gold).
  3292 | D:4      | Bought a scroll labelled TUUNIS BYPNACOO for 22 gold pieces
  3292 | D:4      | 3292 ||| BUYING viscous inky potion (19 gold).
  3292 | D:4      | Bought a viscous inky potion for 19 gold pieces
  3292 | D:4      | 3292 ||| SHOPLISTING viscous inky potion (19 gold, have 9).
  3300 | D:4      | Found Idghaecke's Weapon Emporium.
  3368 | D:4      | 3368 ||| DROPPING +0 whip of venom.
  3441 | D:4      | 3441 ||| Stepping ~*~*~tactically~*~*~ (hiding).
  3486 | D:4      | Found Tagus's Weapon Boutique.
  3526 | D:4      | 3526 ||| Stepping ~*~*~tactically~*~*~ (hiding).
  3537 | D:4      | 3537 ||| FLEEEEING.
  3541 | D:4      | 3541 ||| STAIRDANCE
  3585 | D:3      | 3585 ||| UPGRADING to +4 ring of protection.
  3586 | D:3      | 3586 ||| DROPPING +6 ring of intelligence.
  3587 | D:3      | 3587 ||| READING scroll labelled TUUNIS BYPNACOO.
  3588 | D:3      | 3588 ||| DRINKING 2 viscous inky potions.
  3820 | D:4      | Found a glowing silver altar of Zin.
  3959 | D:5      | Entered Level 5 of the Dungeon
  3983 | D:5      | 3983 ||| Stepping ~*~*~tactically~*~*~ (stealth).
  3984 | D:5      | 3984 ||| Stepping ~*~*~tactically~*~*~ (stealth).
  3985 | D:5      | 3985 ||| READING scroll of enchant weapon.
  3985 | D:5      | 3985 ||| ENCHANTING +2 war axe.
  4155 | D:5      | Reached XP level 6. HP: 31/38 MP: 6/6
  4182 | D:5      | 4182 ||| FLEEEEING.
  4183 | D:5      | 4183 ||| FLEEEEING.
  4421 | D:5      | Reached skill level 6 in Axes
  4463 | D:5      | Found an opulent altar of Gozag.
  4487 | D:5      | Noticed an ice beast
  4496 | D:5      | Killed an ice beast
  4497 | D:5      | Reached XP level 7. HP: 43/43 MP: 7/7
  4526 | D:5      | Reached * piety under Okawaru
  4558 | D:5      | Reached skill level 1 in Dodging
  4637 | D:5      | Found a sparkling altar of Nemelex Xobeh.
  4771 | D:5      | 4771 ||| DROPPING ring of magical power.
  4772 | D:5      | 4772 ||| DRINKING 2 murky orange potions.
  4805 | D:6      | Reached skill level 1 in Invocations
  4835 | D:6      | 4835 ||| Stepping ~*~*~tactically~*~*~ (hiding).
  4838 | D:6      | 4838 ||| Stepping ~*~*~tactically~*~*~ (hiding).
  4844 | D:6      | 4844 ||| INVOKING Heroism.
  4856 | D:6      | 4856 ||| INVOKING Heroism.
  5036 | D:6      | 5036 ||| INVOKING Heroism.
  5042 | D:6      | Reached skill level 3 in Invocations
  5268 | D:6      | 5268 ||| INVOKING Heroism.
  5271 | D:6      | 5271 ||| DRINKING 5 potions of curing.
  5271 | D:6      | 5271 ||| (to cure confusion)
  5275 | D:6      | 5275 ||| DRINKING 4 potions of curing.
  5275 | D:6      | 5275 ||| (to cure confusion)
  5283 | D:6      | Reached XP level 8. HP: 44/48 MP: 8/10
  5316 | D:6      | Reached skill level 7 in Axes
  5418 | D:6      | 5418 ||| INVOKING Heroism.
  5438 | D:6      | Noticed Dowan
  5438 | D:6      | Noticed Duvessa
  5440 | D:6      | 5440 ||| INVOKING Heroism.
  5446 | D:6      | Killed Duvessa
  5448 | D:6      | 5448 ||| Stepping ~*~*~tactically~*~*~ (hiding).
  5452 | D:6      | Killed Dowan
  5452 | D:6      | Reached ** piety under Okawaru
  5619 | D:6      | 5619 ||| Stepping ~*~*~tactically~*~*~ (hiding).
  5625 | D:6      | 5625 ||| INVOKING Heroism.
  5647 | D:6      | HP: 10/49 [steam dragon (8)]
  5648 | D:6      | 5648 ||| READING scroll of teleportation.
  5649 | D:6      | 5649 ||| DRINKING 2 potions of heal wounds.
  5650 | D:6      | 5650 ||| INVOKING Heroism.
  5821 | D:6      | 5821 ||| INVOKING Heroism.
  5963 | D:6      | Reached skill level 8 in Axes
  5975 | D:6      | 5975 ||| Stepping ~*~*~tactically~*~*~ (hiding).
  5980 | D:6      | 5980 ||| INVOKING Heroism.
  5981 | D:6      | 5981 ||| UPGRADING to amulet of regeneration.
  6073 | D:6      | Reached skill level 6 in Fighting
  6245 | D:6      | 6245 ||| UPGRADING to +6 ring of strength.
  6278 | D:7      | 6278 ||| INVOKING Heroism.
  6287 | D:7      | Reached XP level 9. HP: 54/55 MP: 10/12
  6298 | D:7      | 6298 ||| Stepping ~*~*~tactically~*~*~ (stealth).
  6316 | D:7      | 6316 ||| INVOKING Heroism.
  6521 | D:7      | Found a radiant altar of Vehumet.
  6522 | D:7      | 6522 ||| INVOKING Heroism.
  6600 | D:7      | Reached skill level 9 in Axes
  6605 | D:7      | 6605 ||| Stepping ~*~*~tactically~*~*~ (hiding).
  6605 | D:7      | Found a staircase to the Ecumenical Temple.
  6606 | D:7      | 6606 ||| Stepping ~*~*~tactically~*~*~ (hiding).
  7064 | D:7      | 7064 ||| READING 2 scrolls labelled BIYCKE BIENK.
  7065 | D:7      | 7065 ||| DROPPING scroll of poison.
  7089 | D:8      | Noticed Erica
  7090 | D:8      | 7090 ||| INVOKING Heroism.
  7103 | D:8      | Killed Erica
  7103 | D:8      | Reached *** piety under Okawaru
  7104 | D:8      | Reached skill level 6 in Armour
  7278 | D:8      | 7278 ||| INVOKING Heroism.
  7390 | D:8      | 7390 ||| INVOKING Heroism.
  7407 | D:8      | 7407 ||| INVOKING Heroism.
  7438 | D:8      | Noticed a two-headed ogre
  7439 | D:8      | 7439 ||| Stepping ~*~*~tactically~*~*~ (stealth).
  7440 | D:8      | 7440 ||| Stepping ~*~*~tactically~*~*~ (stealth).
  7441 | D:8      | 7441 ||| Stepping ~*~*~tactically~*~*~ (stealth).
  7536 | D:8      | 7536 ||| INVOKING Heroism.
  7546 | D:8      | HP: 12/56 [two-headed ogre/+0 giant club (11)]
  7547 | D:8      | 7547 ||| DRINKING potion of heal wounds.
  7548 | D:8      | Killed a two-headed ogre
  7548 | D:8      | Received a gift from Okawaru
  7549 | D:8      | Reached XP level 10. HP: 44/65 MP: 11/13
  7714 | D:8      | 7714 ||| INVOKING Heroism.
  7722 | D:8      | Found Jayrosch's Book Boutique.
  7823 | D:8      | Found a white marble altar of Elyvilon.
  8055 | D:8      | Found a shadowy altar of Dithmenos.
  8167 | D:8      | 8167 ||| READING 5 scrolls of identify.
  8167 | D:8      | 8167 ||| IDENTIFYING emerald potion
  8168 | D:8      | 8168 ||| DROPPING potion of brilliance.
  8251 | D:9      | 8251 ||| INVOKING Heroism.
  8371 | D:9      | Found a shimmering blue altar of Sif Muna.
  8510 | D:9      | 8510 ||| Stepping ~*~*~tactically~*~*~ (stealth).
  8514 | D:9      | 8514 ||| INVOKING Heroism.
  8613 | D:9      | Noticed a manticore
  8614 | D:9      | 8614 ||| INVOKING Heroism.
  8622 | D:9      | Killed a manticore
  8623 | D:9      | Reached skill level 10 in Axes
  8787 | D:9      | 8787 ||| UPGRADING to +0 pair of boots.
  8792 | D:9      | 8792 ||| DROPPING +2 ring mail of fire resistance.
  8793 | D:9      | 8793 ||| UPGRADING to +0 plate armour.
  8803 | D:9      | 8803 ||| DROPPING +0 chain mail.
  8804 | D:9      | 8804 ||| READING scroll labelled PESUTU GIFIWN.
  8826 | D:10     | Entered Level 10 of the Dungeon
  8883 | D:10     | Noticed Grum
  8884 | D:10     | 8884 ||| Stepping ~*~*~tactically~*~*~ (hiding).
  8887 | D:10     | 8887 ||| INVOKING Heroism.
  8899 | D:10     | Killed Grum
  8899 | D:10     | Reached **** piety under Okawaru
  8900 | D:10     | Reached skill level 3 in Throwing
  8906 | D:10     | 8906 ||| Stepping randomly (disturbance).
  8910 | D:10     | Killed an unseen horror
  8987 | D:10     | 8987 ||| INVOKING Heroism.
  9028 | D:10     | 9028 ||| Stepping ~*~*~tactically~*~*~ (hiding).
  9038 | D:10     | 9038 ||| INVOKING Heroism.
  9058 | D:10     | 9058 ||| FLEEEEING.
  9059 | D:10     | 9059 ||| FLEEEEING.
  9060 | D:10     | 9060 ||| FLEEEEING.
  9061 | D:10     | 9061 ||| FLEEEEING.
  9062 | D:10     | 9062 ||| FLEEEEING.
  9063 | D:10     | 9063 ||| FLEEEEING.
  9064 | D:10     | 9064 ||| FLEEEEING.
  9065 | D:10     | 9065 ||| FLEEEEING.
  9066 | D:10     | 9066 ||| FLEEEEING.
  9067 | D:10     | 9067 ||| FLEEEEING.
  9068 | D:10     | 9068 ||| INVOKING Heroism.
  9116 | D:10     | Found a flagged portal.
  9119 | D:10     | 9119 ||| Stepping ~*~*~tactically~*~*~ (stealth).
  9126 | D:10     | Reached XP level 11. HP: 69/69 MP: 15/15
  9187 | D:10     | Found Fez Gigg's Antique Weapon Shoppe.
  9196 | D:10     | 9196 ||| BUYING runed flail (240 gold).
  9196 | D:10     | Bought a runed flail for 240 gold pieces
  9196 | D:10     | 9196 ||| DROPPING +0 flail.
  9270 | D:10     | 9270 ||| Stepping ~*~*~tactically~*~*~ (stealth).
  9272 | D:10     | 9272 ||| INVOKING Heroism.
  9286 | D:10     | Reached skill level 6 in Invocations
  9314 | D:10     | 9314 ||| INVOKING Heroism.
  9378 | D:10     | Found a blossoming altar of Fedhas.
  9393 | D:10     | 9393 ||| READING scroll labelled YJAFENLACITH.
  9394 | D:10     | 9394 ||| READING scroll labelled RIWNAE LAMOEM.
  9546 | D:11     | 9546 ||| INVOKING Heroism.
  9603 | D:11     | 9603 ||| INVOKING Heroism.
  9656 | D:11     | Found a staircase to the Lair.
  9711 | D:11     | Noticed a brown ugly thing
  9720 | D:11     | 9720 ||| INVOKING Heroism.
  9724 | D:11     | Killed a brown ugly thing
  9789 | D:11     | 9789 ||| FLEEEEING.
  9796 | D:11     | 9796 ||| FLEEEEING.
  9797 | D:11     | 9797 ||| FLEEEEING.
  9798 | D:11     | 9798 ||| FLEEEEING.
  9799 | D:11     | 9799 ||| FLEEEEING.
  9800 | D:11     | 9800 ||| FLEEEEING.
  9805 | D:11     | 9805 ||| FLEEEEING.
  9806 | D:11     | 9806 ||| FLEEEEING.
  9807 | D:11     | 9807 ||| FLEEEEING.
  9808 | D:11     | 9808 ||| FLEEEEING.
  9809 | D:11     | 9809 ||| FLEEEEING.
  9810 | D:11     | 9810 ||| FLEEEEING.
  9811 | D:11     | 9811 ||| STAIRDANCE
  9841 | D:11     | Reached ***** piety under Okawaru
  9980 | D:11     | Found a runed translucent gate.
  9980 | D:11     | Found a runed translucent gate.
  9981 | D:11     | Found a runed translucent gate.
  9982 | D:11     | Noticed qw's ghost (journeyman TrCA)
  9984 | D:11     | Noticed qw's ghost (novice MiFi)
 10020 | D:11     | 10020 ||| INVOKING Heroism.
 10027 | D:11     | Reached skill level 11 in Axes
 10060 | D:11     | 10060 ||| Stepping ~*~*~tactically~*~*~ (hiding).
 10175 | D:11     | 10175 ||| INVOKING Heroism.
 10182 | D:11     | Reached skill level 9 in Fighting
 10227 | D:11     | 10227 ||| INVOKING Heroism.
 10234 | D:11     | HP: 17/71 [smoke demon/ball of steam[a kobold demonologist]
                  | (13)]
 10235 | D:11     | 10235 ||| READING scroll of teleportation.
 10235 | D:11     | Killed from afar by a smoke demon

Levels and vault maps discovered:
D:1:      minmay_arrival_open_corners, layout_rooms,
          chequers_ecumenical_altar_simple_redux, minmay_ruptured
D:2:      layout_basic, minmay_tetromino_i2
D:3:      layout_basic, lightli_temple_of_fire, okawaru_trees_2
D:4:      layout_basic, zin_statuary, serial_shops, nicolae_shop_crystal,
          nicolae_shop_bloodbath_and_beyond, shop, shop, nicolae_diamond_shop,
          hangedman_decor_lopped, minmay_misc_feat_x
D:5:      layout_basic, grunt_gozag_breadcrumbs, nemelex_diamond_rough_becter
D:6:      layout_loops_ring, uniq_duvessa
D:7:      layout_basic, vehumet_statue, minmay_temple_entry_drinking_statues
D:8:      layout_basic, nicolae_elyvilon_peaceful_grove,
          nicolae_dithmenos_through_a_glass_darkly, serial_shops,
          nicolae_lakefront_shop, kennysheep_minor_cross,
          kennysheep_generic_room_6, uniq_erica
D:9:      layout_small_grid, mainiacjoe_overflow_six_doors_small
D:10:     layout_basic, mainiacjoe_overflow_boulevard, enter_bailey_5,
          serial_shops, nicolae_lakefront_shop, uniq_lodul, uniq_grum
D:11:     layout_irregular_city, due_lair_maze_entry_diamond,
          gammafunk_ghost_cemetery

Skill      XL: |  1  2  3  4  5  6  7  8  9 10 11 |
---------------+----------------------------------+-----
Axes           | 2 3 4 5 6 8 9 10 11 | 11.0
Fighting       | 4 6 8 9 |  9.0
Throwing       | 2 3 |  3.0
Dodging        | 1 |  1.0
Invocations    | 3 4 5 7 |  7.8
Armour         | 6 7 |  7.0
Shields        | 4 5 |  5.3

Action                   |  1- 3 |  4- 6 |  7- 9 | 10-12 || total
-------------------------+-------+-------+-------+-------++-------
Melee: War axe           |   106 |   181 |   208 |   240 ||   735
Throw: Boomerang         |       |     5 |     6 |    17 ||    28
       Javelin           |       |       |     2 |    14 ||    16
Invok: Heroism           |       |       |    18 |    16 ||    34
  Use: Scroll            |     4 |    13 |     2 |     5 ||    24
       Potion            |     1 |     2 |     5 |       ||     8
Armor: Scale mail        |    51 |       |       |       ||    51
       Chain mail        |     8 |    94 |   113 |    43 ||   258
       Plate armour      |       |       |       |   125 ||   125
Dodge: Dodged            |    48 |    52 |    70 |   119 ||   289
Block: Buckler           |    21 |    24 |    55 |    71 ||   171

Table legend:
 A = Non-vault XP
 B = Vault XP
 C = Vault XP percentage of total XP
 D = Non-vault monster count
 E = Vault monster count
 F = Vault count percentage of total count
                 A         B        C        D         E       F
            +---------+---------+-------+---------+---------+-------
      Total |    9855 |    3187 |  24.4 |     185 |      30 |  14.0
            +---------+---------+-------+---------+---------+-------
        D:1 |      54 |       4 |   6.9 |      30 |       2 |   6.2
        D:2 |      38 |       7 |  15.6 |       9 |       2 |  18.2
        D:3 |      82 |       0 |   0.0 |      28 |       0 |   0.0
        D:4 |      95 |       0 |   0.0 |      15 |       0 |   0.0
        D:5 |     494 |       0 |   0.0 |      11 |       0 |   0.0
        D:6 |    1347 |     214 |  13.7 |      25 |       2 |   7.4
        D:7 |     538 |      32 |   5.6 |      10 |       1 |   9.1
        D:8 |    1431 |     964 |  40.3 |      10 |       2 |  16.7
        D:9 |    1664 |       0 |   0.0 |      14 |       0 |   0.0
       D:10 |    2004 |     880 |  30.5 |      22 |      11 |  33.3
       D:11 |    2108 |    1086 |  34.0 |      11 |      10 |  47.6
            +---------+---------+-------+---------+---------+-------
